General information
- name: BNet
- type: Ladder team game (AT/RT)
- host: Battle.net
- saver: butter15
map: SilverpineForest
- players: 6
- length: 44:45
- speed: Fast
- version: 1.26 W3XP
- replay type:

» download(397 KB)
Players
team 1 (loser)
Demonsworld (
orange | 76 APM | 3405 actions | 44:36)
5 Goblin Tinker
3 Cluster Rockets
2 Engineering Upgrade
» actions
| Assign group hotkey | 43 | |
| Basic commands | 7 | |
| Build / train | 78 | |
| Enter build submenu | 19 | |
| Enter hero's abilities submenu | 5 | |
| Give item / drop item | 2 | |
| Remove unit from queue | 1 | |
| Right click | 2217 | |
| Select / deselect | 438 | |
| Select group hotkey | 358 | |
| Use ability | 237 | |
3405 total
» units
| Peon | 7 | |
| Grunt | 6 | |
| Raider | 19 | |
| Troll Batrider | 14 | |
46 total
» upgrades
| Berserker Strength | 1 | |
| Ensnare | 1 | |
| Armor | 1 | |
| Liquid Fire | 1 | |
| Pillage | 1 | |
| Melee Weapons | 2 | |
7 total
» buildings
| Barracks | 1 | |
| Orc Burrow | 8 | |
| Altar of Storms | 1 | |
| Stronghold | 1 | |
| Voodoo Lounge | 1 | |
| War Mill | 1 | |
| Beastiary | 3 | |
| Fortress | 1 | |
| Watch Tower | 3 | |
| Spirit Lodge | 1 | |
21 total
» build order
00:15 Barracks
00:23 Orc Burrow
01:21 Altar of Storms
01:30 Orc Burrow
03:12 Stronghold
03:18 Voodoo Lounge
04:00 Orc Burrow
04:46 War Mill
05:47 Beastiary
06:57 Beastiary
07:44 Fortress
08:54 Orc Burrow
09:54 Beastiary
13:54 Orc Burrow
14:45 Watch Tower
14:48 Watch Tower
14:50 Watch Tower
22:50 Orc Burrow
24:32 Spirit Lodge
29:28 Orc Burrow
29:30 Orc Burrow
» items
| Lesser Clarity Potion | 4 | |
| Healing Salve | 4 | |
| Dust of Appearance | 1 | |
| Periapt of Vitality | 2 | |
| Boots of Speed | 1 | |
| Amulet of Spell Shield | 1 | |
| Scroll of Town Portal | 1 | |
| Potion of Healing | 1 | |
| Orb of Lightning | 1 | |
16 total
MightySwarm (
pink | 88 APM | 3923 actions | 44:39)
5 Mountain King
2 Storm Bolt
3 Bash
4 Paladin
2 Holy Light
1 Divine Shield
1 Devotion Aura
3 Naga Sea Witch
1 Frost Arrows
1 Mana Shield
1 Forked Lightning
» actions
| Assign group hotkey | 187 | |
| Basic commands | 242 | |
| Build / train | 171 | |
| ESC pressed | 4 | |
| Enter build submenu | 63 | |
| Enter hero's abilities submenu | 13 | |
| Give item / drop item | 17 | |
| Remove unit from queue | 2 | |
| Right click | 962 | |
| Select / deselect | 735 | |
| Select group hotkey | 1204 | |
| Use ability | 323 | |
3923 total
» units
| Peasant | 16 | |
| Rifleman | 6 | |
| Mortar Team | 11 | |
| Spell Breaker | 8 | |
| Priest | 1 | |
| Goblin Shredder | 1 | |
| Flying Machine | 2 | |
| Siege Engine | 12 | |
57 total
» upgrades
| Armor | 1 | |
| Gunpowder | 3 | |
| Long Rifles | 1 | |
| Lumber Harvesting | 1 | |
| Masonry | 1 | |
| Magic Sentry | 1 | |
| Fragmentation Shards | 1 | |
| Barrage | 1 | |
| Plating | 3 | |
| Animal War Training | 1 | |
| Control Magic | 1 | |
| Flare | 1 | |
16 total
» buildings
| Blacksmith | 1 | |
| Farm | 11 | |
| Barracks | 1 | |
| Altar of Kings | 1 | |
| Lumber Mill | 1 | |
| Arcane Vault | 2 | |
| Scout Tower | 48 | |
| Arcane Tower | 9 | |
| Keep | 2 | |
| Workshop | 2 | |
| Guard Tower | 24 | |
| Arcane Sanctum | 1 | |
| Town Hall | 2 | |
| Castle | 1 | |
106 total
» build order
00:38 Blacksmith
00:41 Farm
00:42 Farm
00:54 Barracks
01:09 Altar of Kings
01:44 Farm
02:18 Lumber Mill
02:30 Arcane Vault
02:58 Scout Tower
03:16 Farm
03:48 Arcane Tower
03:49 Arcane Tower
03:49 Arcane Tower
04:51 Keep
04:51 Keep
06:00 Farm
06:28 Farm
08:17 Workshop
09:50 Scout Tower
09:53 Scout Tower
10:24 Guard Tower
10:27 Scout Tower
10:58 Arcane Sanctum
11:38 Guard Tower
11:39 Guard Tower
12:04 Farm
13:11 Farm
13:50 Farm
16:00 Town Hall
17:57 Scout Tower
17:58 Scout Tower
18:00 Scout Tower
18:18 Scout Tower
18:19 Scout Tower
18:20 Scout Tower
18:21 Scout Tower
18:23 Scout Tower
18:24 Scout Tower
18:25 Scout Tower
18:26 Scout Tower
18:28 Scout Tower
18:29 Scout Tower
18:29 Scout Tower
18:38 Castle
19:38 Guard Tower
19:41 Arcane Tower
19:41 Arcane Tower
19:41 Arcane Tower
20:09 Guard Tower
20:33 Farm
20:35 Farm
20:39 Guard Tower
20:55 Town Hall
21:33 Scout Tower
21:36 Scout Tower
22:48 Guard Tower
23:14 Workshop
23:44 Scout Tower
23:46 Scout Tower
23:48 Scout Tower
23:49 Scout Tower
23:49 Scout Tower
23:50 Scout Tower
24:53 Guard Tower
24:55 Arcane Vault
27:48 Guard Tower
28:18 Scout Tower
36:25 Guard Tower
36:26 Guard Tower
39:55 Scout Tower
40:11 Scout Tower
40:14 Arcane Tower
40:24 Scout Tower
40:26 Guard Tower
40:26 Guard Tower
40:28 Scout Tower
40:29 Scout Tower
40:30 Scout Tower
40:31 Scout Tower
40:33 Scout Tower
40:44 Guard Tower
41:03 Guard Tower
41:15 Scout Tower
41:16 Scout Tower
41:17 Scout Tower
41:28 Guard Tower
41:34 Scout Tower
41:35 Scout Tower
42:08 Guard Tower
42:09 Scout Tower
42:10 Scout Tower
42:43 Guard Tower
42:44 Guard Tower
42:45 Scout Tower
42:46 Scout Tower
42:47 Scout Tower
44:22 Scout Tower
44:23 Scout Tower
44:24 Scout Tower
» items
| Boots of Speed | 2 | |
| Dust of Appearance | 3 | |
| Scroll of Regeneration | 3 | |
| Lesser Clarity Potion | 6 | |
| Wand of Illusion | 1 | |
| Scroll of Town Portal | 4 | |
| Scroll of Healing | 4 | |
| Pendant of Mana | 1 | |
| Orb of Fire | 3 | |
| Potion of Mana | 4 | |
| Potion of Healing | 4 | |
| Potion of Lesser Invulnerability | 1 | |
36 total
The_zarko (
yellow | 108 APM | 4820 actions | 44:44)
5 Death Knight
3 Death Coil
2 Unholy Aura
4 Lich
2 Frost Nova
2 Frost Armor
» actions
| Assign group hotkey | 58 | |
| Basic commands | 315 | |
| Build / train | 86 | |
| ESC pressed | 4 | |
| Enter build submenu | 29 | |
| Enter hero's abilities submenu | 9 | |
| Give item / drop item | 1 | |
| Remove unit from queue | 2 | |
| Right click | 2464 | |
| Select / deselect | 520 | |
| Select group hotkey | 1113 | |
| Use ability | 219 | |
4820 total
» units
| Acolyte | 17 | |
| Ghoul | 4 | |
| Crypt Fiend | 18 | |
| Frost Wyrm | 11 | |
50 total
» upgrades
| Creature Attack | 3 | |
| Creature Carapace | 3 | |
| Web | 1 | |
| Freezing Breath | 1 | |
8 total
» buildings
| Crypt | 1 | |
| Graveyard | 1 | |
| Altar of Darkness | 1 | |
| Ziggurat | 18 | |
| Tomb of Relics | 1 | |
| Nerubian Tower | 2 | |
| Halls of the Dead | 1 | |
| Black Citadel | 1 | |
| Necropolis | 1 | |
| Sacrificial Pit | 1 | |
| Boneyard | 2 | |
| Spirit Tower | 5 | |
35 total
» build order
00:33 Crypt
00:37 Graveyard
00:50 Altar of Darkness
01:02 Ziggurat
01:31 Tomb of Relics
02:04 Ziggurat
02:39 Nerubian Tower
04:21 Halls of the Dead
04:48 Ziggurat
07:47 Black Citadel
08:08 Necropolis
08:48 Sacrificial Pit
08:49 Ziggurat
10:17 Boneyard
10:28 Boneyard
11:10 Ziggurat
11:12 Ziggurat
11:14 Ziggurat
24:16 Ziggurat
24:17 Ziggurat
24:19 Ziggurat
28:18 Ziggurat
28:21 Ziggurat
28:22 Ziggurat
28:24 Ziggurat
28:25 Ziggurat
28:27 Ziggurat
28:29 Ziggurat
28:35 Ziggurat
29:11 Spirit Tower
29:13 Spirit Tower
29:15 Spirit Tower
29:16 Nerubian Tower
29:18 Spirit Tower
29:26 Spirit Tower
» items
| Rod of Necromancy | 1 | |
| Dust of Appearance | 1 | |
| Potion of Healing | 1 | |
| Potion of Lesser Invulnerability | 1 | |
| Scroll of Town Portal | 1 | |
5 total
team 2 (winner)
Birdeneering (
purple | 146 APM | 6553 actions | 44:44)
5 Archmage
3 Blizzard
2 Brilliance Aura
5 Mountain King
3 Storm Bolt
2 Bash
5 Paladin
3 Holy Light
2 Divine Shield
» actions
| Assign group hotkey | 631 | |
| Basic commands | 25 | |
| Build / train | 156 | |
| Enter build submenu | 155 | |
| Enter hero's abilities submenu | 16 | |
| Give item / drop item | 6 | |
| Right click | 3165 | |
| Select / deselect | 566 | |
| Select group hotkey | 1387 | |
| Use ability | 445 | |
6553 total
» units
» upgrades
| Masonry | 3 | |
| Magic Sentry | 1 | |
| Lumber Harvesting | 1 | |
5 total
» buildings
| Altar of Kings | 1 | |
| Farm | 4 | |
| Lumber Mill | 1 | |
| Scout Tower | 172 | |
| Arcane Tower | 8 | |
| Arcane Vault | 6 | |
| Guard Tower | 74 | |
| Keep | 1 | |
| Arcane Sanctum | 1 | |
| Castle | 1 | |
| Town Hall | 1 | |
270 total
» build order
00:23 Altar of Kings
00:38 Farm
00:53 Lumber Mill
01:12 Farm
01:38 Scout Tower
02:02 Scout Tower
02:04 Arcane Tower
02:07 Scout Tower
02:19 Arcane Vault
02:32 Scout Tower
02:34 Arcane Tower
02:35 Scout Tower
02:39 Guard Tower
02:57 Scout Tower
03:03 Scout Tower
03:04 Guard Tower
03:05 Guard Tower
03:22 Scout Tower
03:29 Guard Tower
03:30 Scout Tower
03:53 Guard Tower
03:54 Keep
03:59 Farm
04:03 Scout Tower
04:08 Guard Tower
04:24 Guard Tower
04:31 Scout Tower
04:32 Guard Tower
05:01 Guard Tower
05:03 Scout Tower
05:41 Guard Tower
05:42 Scout Tower
05:57 Scout Tower
06:33 Scout Tower
06:34 Guard Tower
06:37 Guard Tower
06:47 Arcane Sanctum
07:00 Castle
07:04 Guard Tower
07:05 Scout Tower
07:51 Town Hall
07:57 Scout Tower
07:58 Scout Tower
08:00 Scout Tower
08:01 Scout Tower
08:06 Guard Tower
08:07 Scout Tower
08:12 Scout Tower
08:13 Scout Tower
08:17 Scout Tower
08:35 Arcane Tower
08:35 Guard Tower
08:38 Scout Tower
08:39 Scout Tower
08:40 Guard Tower
08:58 Farm
09:21 Scout Tower
09:22 Guard Tower
09:52 Scout Tower
09:53 Scout Tower
09:54 Guard Tower
09:57 Scout Tower
09:58 Scout Tower
10:06 Scout Tower
10:07 Scout Tower
10:21 Guard Tower
10:22 Scout Tower
10:30 Guard Tower
10:31 Scout Tower
10:31 Scout Tower
10:34 Guard Tower
10:35 Scout Tower
11:07 Guard Tower
11:09 Scout Tower
11:10 Scout Tower
11:12 Arcane Vault
11:38 Guard Tower
11:39 Scout Tower
11:40 Scout Tower
11:46 Scout Tower
11:48 Scout Tower
11:51 Scout Tower
11:51 Guard Tower
12:22 Guard Tower
12:30 Guard Tower
13:07 Scout Tower
13:29 Scout Tower
13:40 Guard Tower
14:06 Scout Tower
14:07 Scout Tower
14:09 Scout Tower
14:09 Scout Tower
14:14 Arcane Vault
14:16 Guard Tower
14:17 Scout Tower
14:18 Scout Tower
14:19 Scout Tower
14:22 Scout Tower
14:23 Scout Tower
14:23 Scout Tower
14:25 Guard Tower
14:27 Scout Tower
14:28 Scout Tower
14:36 Scout Tower
14:36 Scout Tower
14:37 Guard Tower
14:39 Scout Tower
14:40 Scout Tower
14:42 Guard Tower
14:55 Scout Tower
14:55 Scout Tower
14:58 Scout Tower
14:59 Scout Tower
15:00 Scout Tower
15:00 Scout Tower
15:27 Guard Tower
15:31 Guard Tower
15:33 Scout Tower
15:34 Scout Tower
15:52 Scout Tower
15:53 Scout Tower
16:00 Scout Tower
16:01 Scout Tower
17:49 Scout Tower
17:50 Scout Tower
17:51 Scout Tower
17:51 Scout Tower
17:53 Guard Tower
17:58 Guard Tower
18:00 Scout Tower
18:00 Scout Tower
18:29 Scout Tower
18:31 Scout Tower
18:41 Scout Tower
18:42 Scout Tower
18:52 Guard Tower
18:54 Scout Tower
18:54 Scout Tower
18:55 Guard Tower
19:27 Guard Tower
19:29 Guard Tower
19:32 Scout Tower
19:33 Scout Tower
19:34 Scout Tower
19:44 Scout Tower
19:45 Scout Tower
19:46 Guard Tower
20:04 Guard Tower
20:06 Guard Tower
20:08 Scout Tower
20:09 Scout Tower
20:26 Arcane Tower
20:29 Arcane Vault
20:31 Arcane Vault
20:37 Arcane Tower
20:50 Guard Tower
20:54 Scout Tower
20:54 Scout Tower
21:03 Scout Tower
21:04 Scout Tower
21:04 Guard Tower
21:07 Scout Tower
21:08 Scout Tower
21:08 Scout Tower
21:09 Scout Tower
21:33 Guard Tower
21:36 Scout Tower
21:37 Scout Tower
21:38 Scout Tower
21:40 Guard Tower
22:02 Guard Tower
22:10 Scout Tower
22:11 Scout Tower
22:43 Guard Tower
22:47 Scout Tower
22:47 Scout Tower
22:48 Scout Tower
22:51 Guard Tower
22:53 Scout Tower
22:53 Scout Tower
22:54 Scout Tower
22:54 Scout Tower
22:55 Guard Tower
22:57 Scout Tower
22:57 Scout Tower
23:01 Arcane Vault
23:07 Scout Tower
23:08 Scout Tower
23:08 Scout Tower
23:12 Guard Tower
23:43 Scout Tower
23:48 Scout Tower
23:48 Scout Tower
23:51 Scout Tower
23:51 Scout Tower
23:52 Guard Tower
24:21 Guard Tower
24:24 Guard Tower
24:32 Guard Tower
24:34 Scout Tower
24:35 Scout Tower
25:19 Guard Tower
25:25 Guard Tower
25:59 Scout Tower
26:00 Guard Tower
26:01 Scout Tower
26:02 Scout Tower
26:03 Scout Tower
26:03 Scout Tower
26:05 Scout Tower
26:07 Scout Tower
26:08 Scout Tower
26:08 Scout Tower
26:44 Guard Tower
26:46 Scout Tower
27:27 Guard Tower
28:00 Guard Tower
28:11 Scout Tower
28:12 Scout Tower
28:13 Scout Tower
28:13 Scout Tower
28:15 Guard Tower
28:17 Scout Tower
28:17 Scout Tower
28:20 Guard Tower
28:22 Scout Tower
28:24 Guard Tower
28:25 Scout Tower
28:25 Scout Tower
28:26 Scout Tower
28:51 Scout Tower
28:52 Scout Tower
28:52 Scout Tower
28:53 Scout Tower
28:54 Scout Tower
28:55 Scout Tower
28:56 Scout Tower
28:57 Scout Tower
28:57 Scout Tower
29:21 Guard Tower
29:28 Guard Tower
29:31 Guard Tower
29:37 Scout Tower
29:37 Scout Tower
29:44 Scout Tower
29:45 Scout Tower
29:52 Guard Tower
30:09 Arcane Tower
31:32 Scout Tower
31:33 Scout Tower
31:35 Scout Tower
31:38 Scout Tower
31:41 Arcane Tower
32:23 Arcane Tower
34:08 Guard Tower
34:37 Scout Tower
34:39 Scout Tower
34:41 Scout Tower
36:32 Guard Tower
36:35 Scout Tower
36:36 Scout Tower
36:36 Scout Tower
37:08 Guard Tower
37:44 Guard Tower
39:10 Guard Tower
39:12 Scout Tower
39:13 Scout Tower
39:47 Guard Tower
39:48 Scout Tower
39:50 Scout Tower
» items
| Healing Salve | 3 | |
| Lesser Clarity Potion | 2 | |
| Boots of Speed | 2 | |
| Staff of Teleportation | 1 | |
| Scroll of Town Portal | 5 | |
| Staff of Sanctuary | 1 | |
| Ancient Janggo of Endurance | 1 | |
| Ring of Protection +4 | 1 | |
| Cloak of Shadows | 1 | |
| Pendant of Energy | 1 | |
| Amulet of Spell Shield | 1 | |
| Warsong Battle Drums | 1 | |
| Orb of Lightning | 2 | |
22 total
butter15 (
green | 120 APM | 5376 actions | 44:45)
4 Demon Hunter
2 Mana Burn
2 Evasion
4 Pandaren Brewmaster
2 Breath of Fire
2 Drunken Haze
» actions
| Assign group hotkey | 11 | |
| Basic commands | 1 | |
| Build / train | 89 | |
| Enter build submenu | 15 | |
| Enter hero's abilities submenu | 9 | |
| Give item / drop item | 18 | |
| Remove unit from queue | 4 | |
| Right click | 3978 | |
| Select / deselect | 637 | |
| Select group hotkey | 355 | |
| Use ability | 257 | |
5376 total
» units
| Wisp | 26 | |
| Goblin Zeppelin | 2 | |
| Chimaera | 11 | |
39 total
» upgrades
| Ultravision | 1 | |
| Strength of the Wild | 3 | |
| Nature's Blessing | 1 | |
| Corrosive Breath | 1 | |
| Well Spring | 1 | |
| Reinforced Hides | 3 | |
10 total
» buildings
| Altar of Elders | 1 | |
| Moon Well | 13 | |
| Ancient of Wonders | 1 | |
| Tree of Ages | 1 | |
| Hunter's Hall | 1 | |
| Tree of Life | 1 | |
| Ancient of Wind | 1 | |
| Tree of Eternity | 1 | |
| Chimaera Roost | 1 | |
21 total
» build order
01:20 Altar of Elders
01:23 Moon Well
03:01 Ancient of Wonders
03:45 Moon Well
06:23 Tree of Ages
06:28 Moon Well
06:30 Moon Well
06:48 Hunter's Hall
08:23 Moon Well
10:56 Tree of Life
11:52 Ancient of Wind
12:49 Tree of Eternity
15:36 Chimaera Roost
41:14 Moon Well
41:14 Moon Well
41:15 Moon Well
41:15 Moon Well
41:16 Moon Well
41:16 Moon Well
41:17 Moon Well
41:17 Moon Well
» items
| Boots of Speed | 2 | |
| Staff of Teleportation | 2 | |
| Healing Salve | 3 | |
| Orb of Lightning | 1 | |
| Orb of Venom | 1 | |
| Staff of Preservation | 2 | |
| Amulet of Spell Shield | 2 | |
| Scroll of Regeneration | 1 | |
| Lesser Clarity Potion | 2 | |
| Pendant of Mana | 2 | |
18 total
nutsonyochin.DE (
teal | 107 APM | 4772 actions | 44:44)
7 Blademaster
3 Wind Walk
2 Critical Strike
1 Bladestorm
1 Mirror Image
» actions
| Assign group hotkey | 30 | |
| Basic commands | 5 | |
| Build / train | 98 | |
| ESC pressed | 9 | |
| Enter build submenu | 88 | |
| Enter hero's abilities submenu | 7 | |
| Give item / drop item | 17 | |
| Right click | 3247 | |
| Select / deselect | 327 | |
| Select group hotkey | 618 | |
| Use ability | 326 | |
4772 total
» units
» upgrades
| Spiked Barricades | 1 | |
| Reinforced Defenses | 1 | |
| Liquid Fire | 1 | |
| Ranged Weapons | 3 | |
| Armor | 3 | |
9 total
» buildings
| Altar of Storms | 1 | |
| Orc Burrow | 3 | |
| War Mill | 2 | |
| Voodoo Lounge | 5 | |
| Watch Tower | 70 | |
| Stronghold | 1 | |
| Fortress | 1 | |
| Beastiary | 2 | |
| Great Hall | 2 | |
| Barracks | 1 | |
88 total
» build order
00:12 Altar of Storms
00:23 Orc Burrow
00:52 War Mill
00:53 War Mill
01:49 Voodoo Lounge
02:07 Watch Tower
02:22 Watch Tower
02:44 Watch Tower
03:04 Watch Tower
03:58 Watch Tower
04:09 Stronghold
04:14 Voodoo Lounge
04:24 Voodoo Lounge
04:40 Watch Tower
04:44 Watch Tower
04:45 Watch Tower
05:00 Watch Tower
05:05 Watch Tower
05:08 Watch Tower
05:13 Watch Tower
05:59 Watch Tower
07:30 Fortress
07:33 Beastiary
07:38 Beastiary
07:43 Voodoo Lounge
07:49 Voodoo Lounge
07:53 Watch Tower
07:55 Watch Tower
07:59 Watch Tower
08:01 Watch Tower
08:04 Watch Tower
08:21 Watch Tower
08:21 Watch Tower
08:43 Watch Tower
08:47 Watch Tower
10:22 Orc Burrow
10:23 Orc Burrow
10:31 Watch Tower
10:32 Watch Tower
10:36 Watch Tower
13:16 Great Hall
14:10 Watch Tower
14:10 Watch Tower
15:26 Watch Tower
15:27 Watch Tower
15:28 Watch Tower
15:54 Great Hall
17:38 Watch Tower
17:39 Watch Tower
17:39 Watch Tower
17:40 Watch Tower
17:41 Watch Tower
17:41 Watch Tower
17:57 Watch Tower
19:09 Watch Tower
19:47 Watch Tower
20:29 Watch Tower
20:41 Watch Tower
20:46 Watch Tower
20:47 Watch Tower
20:48 Watch Tower
20:52 Watch Tower
21:59 Watch Tower
23:12 Watch Tower
23:13 Watch Tower
23:15 Watch Tower
23:17 Watch Tower
26:26 Watch Tower
26:27 Watch Tower
26:28 Watch Tower
26:28 Watch Tower
27:48 Watch Tower
27:49 Watch Tower
28:43 Watch Tower
28:43 Watch Tower
28:55 Watch Tower
28:56 Watch Tower
31:13 Watch Tower
31:14 Watch Tower
33:20 Watch Tower
33:20 Watch Tower
36:13 Watch Tower
36:14 Watch Tower
36:50 Watch Tower
38:53 Watch Tower
38:55 Watch Tower
44:13 Barracks
» items
| Staff of Teleportation | 1 | |
| Boots of Speed | 1 | |
| Dust of Appearance | 1 | |
| Lesser Clarity Potion | 11 | |
| Replenishment Potion | 1 | |
| Healing Salve | 3 | |
| Orb of Lightning | 2 | |
| Helm of Valor | 2 | |
| Scroll of Town Portal | 3 | |
| Claws of Attack +12 | 1 | |
26 total
Chat log
(00:01 / All) Birdeneering: hey broskis
(00:04 / All) Birdeneering: we have a pziza situatiomn
(00:12 / All) Birdeneering: guys
(00:13 / All) Birdeneering: let's talk this out
(00:14 / All) nutsonyochin.DE: hey
(00:15 / All) nutsonyochin.DE: hi
(00:16 / All) Birdeneering: about the pizzas
(00:17 / All) Birdeneering: a pizza situation
(00:18 / All) nutsonyochin.DE: from??
(00:19 / All) Birdeneering: a pizzuation
(00:21 / All) MightySwarm: i go bed after
(00:25 / All) nutsonyochin.DE: ok
(00:27 / All) nutsonyochin.DE: no more pause
(00:27 / All) MightySwarm: eat later
(00:29 / All) Birdeneering: let's make this game count
(05:00 / All) butter15: im back
(05:01 / All) butter15: pizzas here
(05:02 / All) butter15: hi
(05:24 / All) Birdeneering: pow
(07:35 / All) MightySwarm: ;)
(32:58 / All) Birdeneering: bye
(33:09 / All) MightySwarm: how long it take to win?
(33:12 / All) Birdeneering: that cost me 0 gold
(33:13 / All) butter15: all night
(33:13 / All) nutsonyochin.DE: forever
(33:15 / All) Birdeneering: how much ur tp cost?
(33:19 / All) MightySwarm: gay
(33:23 / All) Birdeneering: we're hoping for a 3 hour game at least
(33:26 / All) Birdeneering: if you're good enough
(33:28 / All) nutsonyochin.DE: should have let us pasue
(33:29 / All) Birdeneering: to survive that long
(33:37 / All) Birdeneering: if you let us pause this game would be over
(33:41 / All) Birdeneering: but you chose the path of bad manner
(33:45 / All) butter15: we were going to rush....
(33:48 / All) butter15: but my pizza....
(35:17 / All) Birdeneering: hmm
(35:18 / All) Birdeneering: you're bad
(35:19 / All) Birdeneering: at this game
(35:20 / All) butter15: lol
(35:26 / All) butter15: good play.........
(36:44 / All) butter15: in a perfect world yellow would quit first
(36:50 / All) butter15: because he lost his base
(36:52 / All) butter15: but he's ud
(36:55 / All) butter15: so he stays till the end
(37:04 / All) The_zarko: :O
(38:15 / All) butter15: LOL
(38:30 / All) The_zarko: mb in some years u learn good bnet
(38:33 / All) butter15: LOL
(38:37 / All) butter15: mb in some years you win this game?
(38:40 / All) butter15: probably not tho . . .
(38:51 / All) The_zarko: rly ? :O
(38:54 / All) Birdeneering: bye
(38:57 / All) butter15: quit now
(38:58 / All) Birdeneering: this game was easy
(38:59 / All) Birdeneering: i have to say
(39:01 / All) Birdeneering: i made 0 units
(39:04 / All) Birdeneering: and still won
(39:22 / All) Birdeneering: maybe one day you'll learn how to beat someone who makes 0 units
(39:25 / All) Birdeneering: not today though
(39:37 / All) The_zarko: dont speek , play lame..
(39:43 / All) butter15: i know just what You thinken
(39:47 / All) butter15: i dont need a reason
(40:01 / All) butter15: dont tower me cause it hurts
(40:06 / All) Birdeneering: i can speak, make 0 units, and win the game 0 problem
(42:04 / All) Birdeneering: woww
(42:06 / All) butter15: lmao
(42:24 / All) The_zarko: why u dont play dota ?
(42:43 / All) Birdeneering: more fun winning ladder games with 0 units
(42:47 / All) butter15: hehe lol
(42:53 / All) Birdeneering: you ever won a ladder game son?
(42:55 / All) The_zarko: but with 250 towers
(42:56 / All) The_zarko: yy sure
(42:57 / All) butter15: yea
(43:06 / All) The_zarko: so u r noob not me ..
(43:08 / All) The_zarko: ^^
(43:23 / All) Birdeneering: why did u lose to a noob
(43:25 / All) Birdeneering: who made 0 uiniot
(43:26 / All) butter15: lol
(43:46 / All) The_zarko: cause i leave u to win
(43:48 / All) butter15: thanks
(43:49 / All) MightySwarm: HACKJERS TOO
(43:51 / All) butter15: LOL
(43:51 / All) The_zarko: np
(44:29 / All) butter15: lmao
(44:34 / All) MightySwarm: FUK U LAMERS
(44:39 / All) butter15: bye
(44:41 / All) nutsonyochin.DE: CYA